 Dungeon Sprint DCSS version 0.22-a0-354-g30dfbe6 (webtiles) character file.

71 Kikal the Ruffian (level 4, -4/41 HPs)
             Began as an Ogre Transmuter on Apr 16, 2018.
             Drowned by a water elemental (8 damage)
             ... in the Dungeon (Sprint III: "The Ten Rune Challenge").
             The game lasted 00:03:03 (283 turns).

Kikal the Ruffian (Ogre Transmuter)                  Turns: 283, Time: 00:03:03

Health: -4/41      AC:  2    Str: 14    XL:     4   Next: 24%
Magic:  5/8        EV: 19    Int: 15    God:
Gold:   25         SH:  0    Dex: 14    Spells: 3/9 levels left

rFire    . . .     SeeInvis .     - Unarmed
rCold    . . .     Gourm    .   (shield currently unavailable)
rNeg     . . .     Faith    .   (armour currently unavailable)
rPois    x         Spirit   .   (helmet currently unavailable)
rElec    .         Reflect  .   (cloak currently unavailable)
rCorr    .         Harm     .   (gloves unavailable)
MR       .....     NoTele   +   (boots unavailable)
Stlth    +.........             (no amulet)
HPRegen  0.13/turn              (no ring)
MPRegen  0.11/turn              (no ring)

@: spider-form, engulfed (cannot breathe), hasted, very quick
A: tiny, unfitting armour
a: End Transformation


You were in the Dungeon.
You were not hungry.
You were a venomous arachnid creature.
You visited 1 branch You collected 25 gold pieces.

Inventory:

Missiles
 a - 25 arrows
Armour
 b - a +0 robe (melded)
Scrolls
 j - a scroll of blinking
 k - 2 scrolls of immolation {unknown}
 l - 3 scrolls of identify
 m - a scroll of remove curse {unknown}
 p - a scroll of holy word {unknown}
Potions
 e - a potion of curing
 h - 2 potions of magic
 i - 4 potions of mutation
 n - 2 potions of flight {unknown}
 o - a potion of ambrosia {unknown}
Comestibles
 c - 3 chunks of flesh
 d - 3 rations


   Skills:
 + Level 1.3 Fighting
 - Level 1.7 Dodging
 + Level 5.2 Unarmed Combat
 + Level 3.2 Spellcasting
 + Level 4.7 Transmutations
 - Level 2.5 Poison Magic


You had 3 spell levels left.
You knew the following spells:

 Your Spells              Type           Power        Failure   Level  Hunger
a - Beastly Appendage     Tmut           ###...       10%         1    #......
b - Sticks to Snakes      Tmut           ###.....     13%         2    ##.....
c - Spider Form           Tmut/Pois      ##........   30%         3    ###....


Dungeon Overview and Level Annotations

Branches:
Dungeon (1/1)

Altars:


Innate Abilities, Weirdness & Mutations

You are too large for most types of armour.
((You have tough skin. (AC +1)))


Message History

The water elemental barely misses you.
You take 4 damage, and have 16/41 hp.
You feel much better.
Your lungs strain for air!
The water elemental misses you.
You regained 19 hp, and now have 35/41 hp.
You hit the water elemental.
Your lungs strain for air!
You take 6 damage, and have 29/41 hp.
You hit the water elemental.
Your lungs strain for air!
The water elemental completely misses you.
You take 6 damage, and have 23/41 hp.
You hit the water elemental.
Your lungs strain for air!
The water elemental hits you!
* * * LOW HITPOINT WARNING * * *
You take 19 damage, and have 4/41 hp.
MASSIVE DAMAGE!!
You feel yourself speed up.
You die...

▓▓▓▓▓▓▓▓ ▓▓▓ <..#...####
##.# ...#......#####..#
..##.......#..#..#
##.##.##...#..#..# #+#+#
##.##.###÷.##'#..#......
#.####.##..###..sE.⌠....
.###..##..####...#...###
#.....##..###....# ⌠.#
###..##...##.....# .#
##..##....#.†....# #
#..###..##.#.....# #..#
#..#####....# ▓▓▓▓ ▓▓▓▓
▓▓▓▓▓▓


You could see a water elemental.

Vanquished Creatures
  A scorpion (D)
  A human (D)
  An ooze (D)
  3 rats (D)
6 creatures vanquished.

Vanquished Creatures (others)
  2 draconian scorchers (D)
  6 hellions (D)
  A yaktaur (D)
9 creatures vanquished.

Grand Total: 15 creatures vanquished

Notes
Turn   | Place    | Note
-------+----------+-------------------------------------------
     0 | D        | Kikal the Ogre Transmuter began the quest for the Orb.
     0 | D        | Reached XP level 1. HP: 19/19 MP: 3/3
    12 | D        | Reached skill level 3 in Unarmed Combat
    37 | D        | Killed a yaktaur
    55 | D        | Reached XP level 2. HP: 27/27 MP: 6/6
    62 | D        | Learned a level 2 spell: Sticks to Snakes
    91 | D        | Reached skill level 4 in Unarmed Combat
    91 | D        | Reached XP level 3. HP: 33/33 MP: 1/7
   101 | D        | Killed a hellion
   103 | D        | Killed a hellion
   103 | D        | Killed a hellion
   104 | D        | Killed a hellion
   104 | D        | Killed a hellion
   142 | D        | Learned a level 3 spell: Spider Form
   146 | D        | Noticed a scorpion
   146 | D        | Killed a white draconian scorcher
   152 | D        | Killed a scorpion
   152 | D        | Reached skill level 5 in Unarmed Combat
   152 | D        | Reached XP level 4. HP: 25/41 MP: 4/8
   173 | D        | Killed a hellion
   177 | D        | Killed a white draconian scorcher
   276 | D        | Noticed a water elemental
   283 | D        | Drowned by a water elemental

Vault maps used:
D:        dungeon_sprint_mu

Skill      XL: |  1  2  3 |
---------------+----------+-----
Unarmed Combat | 3 4 5 |  5.2
Spellcasting   | 3 |  3.2
Transmutations | 2 3 4 |  4.7
Poison Magic   | 2 |  2.5
Fighting       | |  1.3
Dodging        | |  1.7

Action                   |  1- 3 |  4- 6 || total
-------------------------+-------+-------++-------
Melee: Unarmed           |    25 |     4 ||    29
       Kick              |     2 |       ||     2
       Headbutt          |     1 |       ||     1
 Cast: Beastly Appendage |     3 |       ||     3
       Sticks to Snakes  |     2 |       ||     2
       Spider Form       |     1 |     1 ||     2
  Use: Potion            |     1 |     2 ||     3
Armor: Robe              |     1 |       ||     1
Dodge: Dodged            |     9 |     3 ||    12

Table legend:
 A = Spawn XP
 B = Non-spawn XP
 C = Spawn XP percentage of total XP
 D = Spawn monster count
 E = Non-spawn monster count
 F = Spawn count percentage of total count
 G = Total turns spent on level
                    A         B        C        D         E        F      G
               +---------+---------+-------+---------+---------+-------+---------
         Total |       0 |     102 |   0.0 |       0 |       6 |   0.0 |   283
               +---------+---------+-------+---------+---------+-------+---------
             D |       0 |     102 |   0.0 |       0 |       6 |   0.0 |   283
               +---------+---------+-------+---------+---------+-------+---------
